3A
KENNESAW JETS @ GRAND FORKS CATERPILLARS
07/02/2023
 
TOP OF THE 1ST
Kennesaw Jets batting - Pitching for Grand Forks Caterpillars : LHP Heng-zong Xie
Pitching: LHP Heng-zong Xie
Batting: RHB Carlos Soto 0-0: Fly out, F7 (Flyball, 7LMF)
Batting: SHB Juan Torres 0-0: SINGLE (Line Drive, 78S)
Batting: RHB Clarence Therrien 0-0: Called Strike
0-1: Called Strike
0-2: Ball
1-2: Ball
2-2: Strikes out swinging
Batting: RHB Carlos Ávila 0-0: Ball
1-0: Ball
2-0: Ground out 4-3 (Groundball, 4)
Top of the 1st over - 0 run(s), 1 hit(s), 0 error(s), 1 left on base; Kennesaw 0 - Grand Forks 0
BOTTOM OF THE 1ST
Grand Forks Caterpillars batting - Pitching for Kennesaw Jets : RHP Augusto Ramos
Pitching: RHP Augusto Ramos
Batting: RHB Alfredo García 0-0: Fly out, F5 (Popup, 5S)
Batting: RHB Salvador Esparza 0-0: Ball
1-0: Swinging Strike
1-1: Swinging Strike
1-2: Strikes out looking
Batting: RHB Joseph Papasogli 0-0: Ball
1-0: Foul Ball, location: 2F
1-1: Fly out, F5 (Line Drive, 5L)
Bottom of the 1st over - 0 run(s), 0 hit(s), 0 error(s), 0 left on base; Kennesaw 0 - Grand Forks 0
TOP OF THE 2ND
Kennesaw Jets batting - Pitching for Grand Forks Caterpillars : LHP Heng-zong Xie
Batting: LHB Nelson Martínez 0-0: Swinging Strike
0-1: Swinging Strike
0-2: Strikes out swinging
Batting: RHB Juan Camacho 0-0: Swinging Strike
0-1: Swinging Strike
0-2: Ball
1-2: Foul Ball, location: 2F
1-2: Foul Ball, location: 2F
1-2: Strikes out swinging
Batting: RHB Andrés Sánchez 0-0: Ball
1-0: Called Strike
1-1: Ball
2-1: Foul Ball, location: 2F
2-2: Foul Ball, location: 2F
2-2: Ball
3-2: Foul Ball, location: 2F
3-2: Base on Balls
Batting: RHB Ernesto López Balk!
Andrés Sánchez to second
0-0: Ball
1-0: Fly out, F5 (Line Drive, 5)
Top of the 2nd over - 0 run(s), 0 hit(s), 0 error(s), 1 left on base; Kennesaw 0 - Grand Forks 0
BOTTOM OF THE 2ND
Grand Forks Caterpillars batting - Pitching for Kennesaw Jets : RHP Augusto Ramos
Batting: RHB Juan Martínez 0-0: Ball
1-0: Foul Ball, location: 2F
1-1: Ball
2-1: Foul Ball, location: 2F
2-2: Strikes out looking
Batting: RHB Carlos Romero 0-0: Ball
1-0: Foul Ball, location: 2F
1-1: Swinging Strike
1-2: Strikes out swinging
Batting: LHB Júlio Castro 0-0: Reached on error, E4 (Groundball, 4)
Batting: RHB Carlos Trujillo 0-0: Called Strike
0-1: Swinging Strike
0-2: Foul Ball, location: 2F
0-2: Strikes out looking
Bottom of the 2nd over - 0 run(s), 0 hit(s), 1 error(s), 1 left on base; Kennesaw 0 - Grand Forks 0
TOP OF THE 3RD
Kennesaw Jets batting - Pitching for Grand Forks Caterpillars : LHP Heng-zong Xie
Batting: RHB Alfredo Ayala 0-0: Called Strike
0-1: Foul Ball, location: 2F
0-2: Ball
1-2: Foul Ball, location: 2F
1-2: Strikes out swinging
Batting: RHB Carlos Soto 0-0: SINGLE (Flyball, 89S)
Batting: SHB Juan Torres 0-0: Foul Ball, location: 2F
0-1: Ball
1-1: Foul Ball, location: 2F
1-2: Grounds into double play, 6-4-3 (Groundball, 6)
Top of the 3rd over - 0 run(s), 1 hit(s), 0 error(s), 0 left on base; Kennesaw 0 - Grand Forks 0
BOTTOM OF THE 3RD
Grand Forks Caterpillars batting - Pitching for Kennesaw Jets : RHP Augusto Ramos
Batting: RHB Lúcio Marín 0-0: Called Strike
0-1: Swinging Strike
0-2: Strikes out looking
Batting: RHB Warner Lewis 0-0: Ball
1-0: SINGLE (Groundball, 56D)
Batting: RHB Alfredo García 0-0: Called Strike
0-1: Ball
1-1: Ball
2-1: Ball
3-1: Grounds into double play, 3-6-3 (Groundball, 3)
Bottom of the 3rd over - 0 run(s), 1 hit(s), 0 error(s), 0 left on base; Kennesaw 0 - Grand Forks 0
TOP OF THE 4TH
Kennesaw Jets batting - Pitching for Grand Forks Caterpillars : LHP Heng-zong Xie
Batting: RHB Clarence Therrien 0-0: Ball
1-0: Ball
2-0: Called Strike
2-1: Ball
3-1: Called Strike
3-2: Ground out 4-3 (Groundball, 4)
Batting: RHB Carlos Ávila 0-0: Ball
1-0: Called Strike
1-1: SINGLE (Groundball, 56D)
Batting: LHB Nelson Martínez 0-0: Ball
1-0: Ball
2-0: Called Strike
Carlos Ávila steals 2nd base
2-1: Foul Ball, location: 2F
2-2: Foul Ball, location: 2F
2-2: Foul Ball, location: 2F
2-2: Strikes out swinging
Batting: RHB Juan Camacho 0-0: Swinging Strike
0-1: Called Strike
0-2: Ball
1-2: Strikes out looking
Top of the 4th over - 0 run(s), 1 hit(s), 0 error(s), 1 left on base; Kennesaw 0 - Grand Forks 0
BOTTOM OF THE 4TH
Grand Forks Caterpillars batting - Pitching for Kennesaw Jets : RHP Augusto Ramos
Batting: RHB Salvador Esparza 0-0: Ball
1-0: Ball
2-0: Foul Ball, location: 2F
2-1: Called Strike
2-2: Ground out 5-3 (Groundball, 56)
Batting: RHB Joseph Papasogli 0-0: Ball
1-0: Ground out 6-3 (Groundball, 6)
Batting: RHB Juan Martínez 0-0: Called Strike
0-1: Ball
1-1: Foul Ball, location: 2F
1-2: Foul Ball, location: 2F
1-2: Ball
2-2: Strikes out swinging
Bottom of the 4th over - 0 run(s), 0 hit(s), 0 error(s), 0 left on base; Kennesaw 0 - Grand Forks 0
TOP OF THE 5TH
Kennesaw Jets batting - Pitching for Grand Forks Caterpillars : LHP Heng-zong Xie
Batting: RHB Andrés Sánchez 0-0: Called Strike
0-1: Fly out, F7 (Line Drive, 78M)
Batting: RHB Ernesto López 0-0: Fly out, F7 (Flyball, 7LS)
Batting: RHB Alfredo Ayala 0-0: Ball
1-0: Swinging Strike
1-1: SINGLE (Groundball, 15) (infield hit)
Batting: RHB Carlos Soto 0-0: Ball
1-0: Foul Ball, location: 2F
1-1: Ball
2-1: Foul Ball, location: 2F
2-2: Foul Ball, location: 2F
2-2: Strikes out looking
Top of the 5th over - 0 run(s), 1 hit(s), 0 error(s), 1 left on base; Kennesaw 0 - Grand Forks 0
BOTTOM OF THE 5TH
Grand Forks Caterpillars batting - Pitching for Kennesaw Jets : RHP Augusto Ramos
Batting: RHB Carlos Romero 0-0: Ground out 5-3 (Groundball, 56)
Batting: LHB Júlio Castro 0-0: Called Strike
0-1: Foul Ball, location: 2F
0-2: Ball
1-2: Foul Ball, location: 2F
1-2: Ball
2-2: Ground out 6-3 (Groundball, 6)
Batting: RHB Carlos Trujillo 0-0: Ball
1-0: Ball
2-0: Fly out, F7 (Flyball, 7LS)
Bottom of the 5th over - 0 run(s), 0 hit(s), 0 error(s), 0 left on base; Kennesaw 0 - Grand Forks 0
TOP OF THE 6TH
Kennesaw Jets batting - Pitching for Grand Forks Caterpillars : LHP Heng-zong Xie
Batting: SHB Juan Torres 0-0: Ground out 5-3 (Groundball, 56S)
Batting: RHB Clarence Therrien 0-0: Ball
1-0: Ball
2-0: Ball
3-0: Called Strike
3-1: Fly out, F3 (Popup, 3SF)
Batting: RHB Carlos Ávila 0-0: Swinging Strike
0-1: SINGLE (Groundball, 4MD)
Batting: LHB Nelson Martínez 0-0: Ball
1-0: Ball
2-0: Ground out 4-3 (Groundball, 34)
Top of the 6th over - 0 run(s), 1 hit(s), 0 error(s), 1 left on base; Kennesaw 0 - Grand Forks 0
BOTTOM OF THE 6TH
Grand Forks Caterpillars batting - Pitching for Kennesaw Jets : RHP Augusto Ramos
Batting: RHB Lúcio Marín 0-0: Called Strike
0-1: Fly out, F2 (Popup, 25F)
Batting: RHB Warner Lewis 0-0: SINGLE (Flyball, 78M)
Batting: RHB Alfredo García 0-0: Foul Ball, location: 2F
0-1: Ball
1-1: Ball
2-1: Foul Ball, location: 2F
2-2: Ball
3-2: Base on Balls
Warner Lewis to second
Batting: RHB Salvador Esparza 0-0: Ball
1-0: Called Strike
1-1: Ball
2-1: Foul Ball, location: 2F
2-2: Ball
3-2: Foul Ball, location: 2F
3-2: Foul Ball, location: 2F
3-2: Fly out, F7 (Flyball, 78M)
Batting: RHB Joseph Papasogli 0-0: Called Strike
0-1: DOUBLE (Line Drive, 5)
Warner Lewis scores
Alfredo García to third
Runner from 3rd tries for Home, SAFE, no throw or cutoff
Batting: RHB Juan Martínez 0-0: Fly out, F7 (Flyball, 7M)
Bottom of the 6th over - 2 run(s), 2 hit(s), 0 error(s), 1 left on base; Kennesaw 0 - Grand Forks 2
TOP OF THE 7TH
Kennesaw Jets batting - Pitching for Grand Forks Caterpillars : LHP Heng-zong Xie
Pitching: LHP Rio Bavin
Batting: RHB Juan Camacho 0-0: Called Strike
0-1: Swinging Strike
0-2: Strikes out swinging
Batting: RHB Andrés Sánchez 0-0: Called Strike
0-1: Ball
1-1: Ball
2-1: Swinging Strike
2-2: Ball
3-2: Foul Ball, location: 2F
3-2: Ground out 5-3 (Groundball, 56)
Batting: RHB Ernesto López 0-0: Called Strike
0-1: Called Strike
0-2: Strikes out swinging
Top of the 7th over - 0 run(s), 0 hit(s), 0 error(s), 0 left on base; Kennesaw 0 - Grand Forks 2
BOTTOM OF THE 7TH
Grand Forks Caterpillars batting - Pitching for Kennesaw Jets : RHP Augusto Ramos
Batting: RHB Carlos Romero 0-0: SINGLE (Line Drive, 6MD)
Batting: LHB Júlio Castro 0-0: Fly out, F7 (Flyball, 7LM)
Batting: RHB Carlos Trujillo 0-0: Called Strike
0-1: Foul Ball, location: 2F
0-2: Strikes out swinging
Batting: RHB Lúcio Marín 0-0: Ground out 5-3 (Groundball, 5L)
Bottom of the 7th over - 0 run(s), 1 hit(s), 0 error(s), 1 left on base; Kennesaw 0 - Grand Forks 2
TOP OF THE 8TH
Kennesaw Jets batting - Pitching for Grand Forks Caterpillars : LHP Rio Bavin
Batting: RHB Alfredo Ayala 0-0: Ball
1-0: Foul Ball, location: 2F
1-1: Called Strike
1-2: Strikes out looking
Batting: RHB Carlos Soto 0-0: Ball
1-0: Swinging Strike
1-1: Called Strike
1-2: DOUBLE (Line Drive, 78M)
Batting: SHB Juan Torres 0-0: Swinging Strike
0-1: Ball
1-1: Ball
2-1: SINGLE (Groundball, 56D)
Carlos Soto to third
Runner from 3rd tries for Home, SAFE, no throw or cutoff
Pitching: RHP Marv Bradford
Batting: RHB Clarence Therrien 0-0: Ball
1-0: Called Strike
1-1: Called Strike
1-2: Strikes out swinging
Batting: RHB Carlos Ávila 0-0: Ball
1-0: Ball
2-0: Called Strike
2-1: Foul Ball, location: 2F
2-2: Strikes out swinging
Top of the 8th over - 1 run(s), 2 hit(s), 0 error(s), 1 left on base; Kennesaw 1 - Grand Forks 2
BOTTOM OF THE 8TH
Grand Forks Caterpillars batting - Pitching for Kennesaw Jets : RHP Augusto Ramos
Batting: RHB Warner Lewis 0-0: Called Strike
0-1: Foul Ball, location: 2F
0-2: Ball
1-2: Foul Ball, location: 2F
1-2: Foul Ball, location: 2F
1-2: Ball
2-2: Strikes out looking
Batting: RHB Alfredo García 0-0: SINGLE (Groundball, 25) (infield hit)
Batting: RHB Salvador Esparza 0-0: Ball
1-0: SINGLE (Line Drive, 6MD)
Alfredo García to second
Batting: RHB Joseph Papasogli 0-0: Called Strike
0-1: Swinging Strike
0-2: Strikes out swinging
Batting: RHB Juan Martínez 0-0: Ball
1-0: Called Strike
1-1: Ball
2-1: Called Strike
2-2: Foul Ball, location: 2F
2-2: Strikes out looking
Bottom of the 8th over - 0 run(s), 2 hit(s), 0 error(s), 2 left on base; Kennesaw 1 - Grand Forks 2
TOP OF THE 9TH
Kennesaw Jets batting - Pitching for Grand Forks Caterpillars : RHP Marv Bradford
Pitching: RHP José Juárez
Pinch Hitting: LHB Jim Unknown 0-0: Ground out U3 (Groundball, 3S)
Pinch Hitting: RHB Leroy Rijerkerk 0-0: Ball
1-0: Ball
2-0: Ground out 4-3 (Groundball, 4)
Batting: RHB Andrés Sánchez 0-0: Foul Ball, location: 2F
0-1: Called Strike
0-2: Ball
1-2: Fly out, F6 (Line Drive, 6)
Top of the 9th over - 0 run(s), 0 hit(s), 0 error(s), 0 left on base; Kennesaw 1 - Grand Forks 2
This league is powered by Out of the Park Baseball, the baseball management simulation game for PC, Mac and Linux
Friday, July 8th, 2016 - OOTP Baseball 16.9 Build 39